 Dungeon Crawl Stone Soup version 0.19.5 (webtiles) character file.

7474 equalderp2856 the Gouger (level 10, -3/46 HPs)
             Began as a Felid Fighter on Mar 20, 2017.
             Slain by a centaur (10 damage)
             ... on level 12 of the Dungeon on Mar 21, 2017.
             The game lasted 01:11:57 (24944 turns).

equalderp2856 the Gouger (Felid Fighter)           Turns: 24944, Time: 01:11:58

Health: -3/46      AC:  2    Str: 13    XL:     10   Next: 94%
Magic:  18/18      EV: 27    Int: 11    God:
Gold:   537        SH:  0    Dex: 17    Spells: 5 memorised, 10 levels left
                                        Lives:  0   Deaths: 3

rFire  + . .     SeeInvis +       - Unarmed
rCold  . . .     Gourm    .     (armour unavailable)
rNeg   . . .     Faith    .     (shield unavailable)
rPois  .         Spirit   .     (helmet unavailable)
rElec  .         Reflect  .     (cloak unavailable)
rCorr  .         Harm     .     (gloves unavailable)
MR     +....                    (boots unavailable)
Stlth  +++++.....               (no amulet)
                                (no ring)
                                E - ring of protection from fire

@: quick
A: no armour, no weapons or thrown items, stealth, claws 1, fangs 3, see
invisible, carnivore 3, speed 1, shaggy fur 2, slow metabolism 1, sharp paws
a: no special abilities


You were on level 12 of the Dungeon.
You were hungry.

You visited 1 branch of the dungeon, and saw 12 of its levels.

You collected 537 gold pieces.

Inventory:

Missiles
 j - 312 arrows
Jewellery
 m - an uncursed amulet of faith
 E - a ring of protection from fire (left paw)
Wands
 q - a wand of acid (0/15)
 w - a wand of enslavement (10/24)
 A - a wand of lightning (0/15)
 B - a wand of teleportation (3/9)
 F - a wand of lightning (7/15)
 G - a wand of acid (10/15)
 H - a wand of lightning (10/15)
Scrolls
 c - 6 scrolls of identify
 e - 2 scrolls of magic mapping
 f - a scroll of fog
 i - 3 scrolls of teleportation {unknown}
 l - 3 scrolls of recharging {unknown}
 n - 2 scrolls of blinking {unknown}
 o - a scroll of random uselessness {unknown}
 p - a scroll of amnesia {unknown}
 u - 3 scrolls of summoning {unknown}
 x - 3 scrolls of remove curse {unknown}
 y - a scroll of fear {unknown}
Potions
 g - 5 potions of lignification
 h - 13 potions of degeneration
 k - 2 potions of mutation
 C - a potion of haste
 I - a potion of might
Books
 v - a book of Minor Magic

   Spells                             Type                      Level
   a - Magic Dart                     Conjuration                  1
   b - Blink                          Translocation                2
   c - Call Imp                       Summoning                    2
   d - Repel Missiles                 Charms/Air                   2
   e - Slow                           Hexes                        2
   f - Conjure Flame                  Conjuration/Fire             3
   g - Mephitic Cloud                 Conjuration/Poison/Air       3
 z - a book of Flames

   Spells                             Type                      Level
   a - Flame Tongue                   Conjuration/Fire             1
   b - Throw Flame                    Conjuration/Fire             2
   c - Conjure Flame                  Conjuration/Fire             3
   d - Inner Flame                    Hexes/Fire                   3
   e - Sticky Flame                   Conjuration/Fire             4
   f - Fireball                       Conjuration/Fire             5
 D - a book of Enchantments

   Spells                             Type                      Level
   a - Cause Fear                     Hexes                        4
   b - Yara's Violent Unravelling     Hexes/Transmutation          5
   c - Silence                        Hexes/Air                    5
   d - Deflect Missiles               Charms/Air                   6
   e - Discord                        Hexes                        8
Miscellaneous
 s - a disc of storms
Comestibles
 a - 13 beef jerkies
 b - 4 meat rations
 d - 9 fruits
 r - 2 royal jellies
 t - 4 slices of pizza


   Skills:
 * Level 6.8 Fighting
 - Level 11.2 Dodging
 - Level 9.4 Stealth
 - Level 13.6 Unarmed Combat
 - Level 5.1 Spellcasting
 - Level 0.4 Evocations


You had 10 spell levels left.
You knew the following spells:

 Your Spells              Type           Power        Failure   Level  Hunger
a - Flame Tongue          Conj/Fire      #....        24%         1    None
b - Throw Flame           Conj/Fire      #.....       34%         2    ##.....
c - Conjure Flame         Conj/Fire      #.......     73%         3    ###....
d - Magic Dart            Conj           #...         24%         1    None
e - Blink                 Tloc           N/A          34%         2    ##.....


Dungeon Overview and Level Annotations

Branches:
Dungeon (12/15)            Temple (0/1) D:6            Lair (0/6) D:9
    Orc (0/2) D:11

Altars:
Ashenzari
Cheibriados
Dithmenos
Gozag
Hepliaklqana
Kikubaaqudgha
Makhleb
Nemelex Xobeh
Okawaru
Ru
Sif Muna
Trog
The Shining One

Shops:
D:9 =   D:11 !

Portals:
Trove: D:10 (show slimy rune of Zot)
Bailey: D:12

Annotations:
D:9 Erica


Innate Abilities, Weirdness & Mutations

You cannot wear armour.
You are incapable of wielding weapons or throwing items.
Your paws allow you to move quietly. (Stealth)
You have sharp claws.
You have razor-sharp teeth.
You have supernaturally acute eyesight. (SInv)
You are carnivorous and can eat meat at any time.
You cover ground quickly.
You are covered in thick fur. (AC +2)
You have a slow metabolism.
Your sharp claws are effective at attacking unaware monsters.


Message History

The centaur unwields an uncursed shortbow.
The centaur hits you!
You scratch the centaur.
You kill the centaur!
The centaur wields a shortbow.
The centaur shoots an arrow.
The arrow hits you!
* * * LOW HITPOINT WARNING * * *
A centaur warrior skeleton comes into view.
Okay, then.
As you read the scroll of identify, it crumbles to dust.
C - a potion of haste
Okay, then.
The centaur shoots an arrow.
The arrow completely misses you.
A centaur comes into view.
The centaur closely misses you.
The centaur unwields an uncursed shortbow.
The centaur completely misses you.
The centaur shouts!
You scratch the centaur but do no damage.
The centaur hits you!
You die...

#.#.#.#.##c#Z#
.. #.#.##.#.#
#. #.#.##.#.#
#. #.#.##c#.#
#.###.#.##.#.#
#.....#.##c#.#
#......†##c#.#
#.####.###c#.#
#. #.###c@.#
#. #...(...#
#. #...(...#
#. ##.)∩)..#
#. #..)(..# #.
#......#
####.#.# #.#.#
.#.#


You could see 5 centaurs.

Vanquished Creatures
  An unseen horror (D:10)
  A hill giant (D:11)
  A gargoyle (D:10)
  Joseph (D:8)
  2 trolls
  2 hornets
  A two-headed ogre (D:11)
  2 hippogriffs
  A wyvern (D:11)
  11 yaks
  A hungry ghost (D:11)
  Edmund (D:5)
  A steam dragon (D:9)
  2 sky beasts (D:8)
  4 phantoms
  2 hell hounds
  An ice beast (D:8)
  8 orc warriors
  A swamp drake (D:11)
  4 necrophages
  9 ogres
  A crocodile (D:8)
  17 centaurs
  Blork the orc (D:5)
  7 bullfrogs
  3 gnoll sergeants
  8 scorpions
  4 killer bees (D:10)
  5 wights (D:11)
  6 howler monkeys
  4 jellies
  2 bullfrog zombies
  3 centaur zombies
  6 crimson imps
  2 quasits
  3 centaur skeletons
  A bullfrog skeleton (D:11)
  5 hounds
  11 orc priests
  15 orc wizards
  6 iguanas
  5 worker ants
  A hound zombie (D:7)
  4 hound skeletons
  11 gnolls
  7 adders
  4 shadow imps
  An adder skeleton (D:5)
  3 adder zombies
  2 worms
  A dart slug (D:1)
  5 leopard geckos
  58 orcs
  12 bats
  5 giant cockroaches
  7 hobgoblins
  17 jackals
  12 kobolds
  3 quokkas
  A ball python (D:3)
  5 frilled lizards
  7 goblins
  A jackal zombie (D:5)
  7 rats
346 creatures vanquished.

Notes
Turn   | Place    | Note
-------+----------+-------------------------------------------
     0 | D:1      | equalderp2856 the Felid Fighter began the quest for the Orb.
     0 | D:1      | Reached XP level 1. HP: 10/10 MP: 2/2
    80 | D:1      | Reached XP level 2. HP: 12/14 MP: 3/3
   800 | D:1      | Reached XP level 3. HP: 15/17 MP: 4/4
  1076 | D:2      | Found a bloodstained altar of Trog.
  1179 | D:2      | Found an iron altar of Okawaru.
  1223 | D:2      | Found a burning altar of Makhleb.
  1928 | D:3      | Reached skill level 5 in Dodging
  2271 | D:3      | Found an opulent altar of Gozag.
  2271 | D:3      | Found a sparkling altar of Nemelex Xobeh.
  2281 | D:3      | Reached XP level 4. HP: 21/21 MP: 5/5
  2282 | D:3      | Reached skill level 1 in Stealth
  2471 | D:3      | Reached skill level 5 in Unarmed Combat
  2830 | D:4      | Found a hazy altar of Hepliaklqana.
  2903 | D:4      | Reached XP level 5. HP: 15/24 MP: 6/6
  3130 | D:4      | Noticed a phantom
  3582 | D:4      | Killed from afar by an orc wizard
  3583 | D:4      | Reached XP level 4. HP: -7/21 MP: 5/5
  3687 | D:4      | Reached skill level 6 in Unarmed Combat
  3687 | D:4      | Reached XP level 5. HP: 7/24 MP: 6/6
  4129 | D:4      | Noticed a phantom
  4161 | D:5      | Entered Level 5 of the Dungeon
  4464 | D:5      | Gained mutation: You are covered in thick fur. (AC +2) [Felid growth]
  4464 | D:5      | Reached XP level 6. HP: 25/28 MP: 7/7
  4567 | D:5      | Noticed Blork the orc
  4875 | D:4      | Reached skill level 7 in Unarmed Combat
  5388 | D:5      | Reached XP level 7. HP: 31/31 MP: 8/8
  5446 | D:5      | Found a sacrificial altar of Ru.
  5601 | D:5      | Noticed Edmund
  5612 | D:5      | Killed Edmund
  6052 | D:6      | Reached skill level 5 in Stealth
  6581 | D:6      | Found a staircase to the Ecumenical Temple.
  6772 | D:6      | Found a glowing golden altar of the Shining One.
  6899 | D:6      | Reached skill level 8 in Unarmed Combat
  7168 | D:7      | Noticed a hornet
  7182 | D:6      | Reached XP level 8. HP: 34/34 MP: 9/9
  7553 | D:6      | HP: 1/34 [ogre/giant club (22)]
  8486 | D:7      | Found a shattered altar of Ashenzari.
  8571 | D:7      | Reached skill level 9 in Unarmed Combat
  8888 | D:7      | Found an ancient bone altar of Kikubaaqudgha.
  8921 | D:7      | Found a snail-covered altar of Cheibriados.
  9317 | D:7      | Killed a hornet
  9317 | D:7      | Reached skill level 10 in Unarmed Combat
  9317 | D:7      | Reached XP level 9. HP: 26/39 MP: 10/10
 10114 | D:5      | Killed Blork the orc
 10756 | D:7      | Found a sacrificial altar of Ru.
 11302 | D:8      | Found a deep blue altar of Sif Muna.
 11865 | D:8      | Noticed Joseph
 11880 | D:8      | Killed Joseph
 11880 | D:8      | Reached skill level 11 in Unarmed Combat
 12861 | D:8      | Reached XP level 10. HP: 33/42 MP: 11/11
 13180 | D:9      | Found Jozonk's Jewellery Shop.
 13334 | D:9      | Reached skill level 12 in Unarmed Combat
 13847 | D:8      | HP: 1/42 [troll (17)]
 14986 | D:9      | Found a staircase to the Lair.
 15014 | D:8      | Reached skill level 10 in Dodging
 15456 | D:9      | Noticed Erica
 15467 | D:9      | Killed from afar by Erica
 15468 | D:9      | Reached XP level 9. HP: -17/39 MP: 10/10
 16051 | D:8      | Paralysed by a hornet for 3 turns
 16984 | D:10     | Entered Level 10 of the Dungeon
 17016 | D:10     | Noticed a troll
 17037 | D:10     | Killed a troll
 17169 | D:10     | Reached XP level 10. HP: 43/43 MP: 11/11
 17459 | D:9      | Reached skill level 13 in Unarmed Combat
 18227 | D:10     | Noticed a hill giant
 18479 | D:10     | Noticed a hill giant
 19225 | D:10     | Found a shadowy altar of Dithmenos.
 19291 | D:10     | Noticed a gargoyle
 19559 | D:10     | Noticed an unseen horror
 19573 | D:10     | Killed an unseen horror
 20543 | D:10     | Found a portal to a secret trove of treasure.
 21116 | D:11     | Learned a level 1 spell: Flame Tongue
 21128 | D:11     | Learned a level 2 spell: Throw Flame
 21132 | D:11     | Learned a level 3 spell: Conjure Flame
 21218 | D:11     | Killed from afar by an orc priest
 21219 | D:11     | Reached XP level 9. HP: 0/39 MP: 10/10
 21247 | D:11     | Noticed a hill giant
 21264 | D:11     | Reached skill level 1 in Spellcasting
 21290 | D:11     | Reached XP level 10. HP: 29/43 MP: 12/14
 21299 | D:11     | Killed a hill giant
 21411 | D:11     | Found Toukk's Distillery.
 21734 | D:11     | Noticed a white ugly thing
 22552 | D:11     | Reached skill level 5 in Spellcasting
 22848 | D:11     | Found a staircase to the Orcish Mines.
 23060 | D:11     | Reached skill level 5 in Fighting
 23597 | D:10     | Killed a gargoyle
 24901 | D:12     | Found a flagged portal.
 24930 | D:12     | Learned a level 1 spell: Magic Dart
 24933 | D:12     | Learned a level 2 spell: Blink
 24944 | D:12     | Slain by a centaur

Skill      XL: |  1  2  3  4  5  6  7  8  9 10 |
---------------+-------------------------------+-----
Dodging        | 5 6 7 8 9 11 | 11.2
Stealth        | 1 3 4 5 6 9 8 |  9.4
Unarmed Combat | 6 7 8 10 11 13 | 13.6
Fighting       | 4 6 |  6.8
Spellcasting   | 2 5 |  5.1
Evocations     | |  0.4

Action                   |  1- 3 |  4- 6 |  7- 9 | 10-12 || total
-------------------------+-------+-------+-------+-------++-------
Melee: Unarmed           |   153 |   179 |   480 |   478 ||  1290
       Bite              |    14 |    20 |    59 |    48 ||   141
       Punch             |       |     3 |    23 |    36 ||    62
 Cast: Throw Flame       |       |       |       |     2 ||     2
Evoke: Wand              |       |       |       |     1 ||     1
  Use: Potion            |       |     1 |     7 |     3 ||    11
       Scroll            |       |       |     2 |     3 ||     5
 Stab: Sleeping          |     1 |     2 |     8 |    12 ||    23
       Distracted        |       |       |     5 |     3 ||     8
       Invisible         |       |       |     1 |       ||     1
  Eat: Chunk             |     8 |    13 |    18 |    16 ||    55
Armor: Skin              |     8 |     7 |    14 |     7 ||    36
Dodge: Dodged            |   168 |   111 |   353 |   486 ||  1118
